 Dungeon Crawl Stone Soup version 0.26-a0-466-g989023bd0d (webtiles) character file.

Game seed: 3222324671191188132

41225 HoaS the Brawler (level 14, -7/119 HPs)
             Began as a Ghoul Gladiator on Aug 13, 2020.
             Was a High Priest of Makhleb.
             Mangled by a komodo dragon (10 damage)
             ... on level 6 of the Lair of Beasts.
             The game lasted 00:39:27 (14769 turns).

HoaS the Brawler (Ghoul Gladiator)                 Turns: 14769, Time: 00:39:28

Health: -7/119     AC: 22    Str: 20    XL:     14   Next: 14%
Magic:  13/13      EV: 11    Int:  3    God:    Makhleb [*****.]
Gold:   2135       SH:  0    Dex: 19    Spells: 13/13 levels left

rFire    + . .     SeeInvis .     - Unarmed
rCold    + . .     Faith    .   (no shield)
rNeg     + + +     Spirit   .   B - +2 plate armour {rF+}
rPois    ∞         Reflect  .   b - +1 helmet
rElec    .         Harm     .   k - +1 cloak
rCorr    +                      (no gloves)
MR       +....                  f - +1 pair of boots
Stlth    ..........             z - amulet of regeneration
HPRegen  0.00/turn              n - +6 ring of dexterity
MPRegen  0.13/turn              t - ring of resist corrosion

@: hasted, very quick
A: rotting body, claws 1, cold resistance 1, negative energy resistance 3,
inhibited regeneration, torment resistance, unbreathing
a: Minor Destruction, Lesser Servant of Makhleb, Major Destruction, Greater
Servant of Makhleb, Renounce Religion


You were on level 6 of the Lair of Beasts.
You worshipped Makhleb.
Makhleb was extremely pleased with you.
You visited 3 branches of the dungeon, and saw 17 of its levels.
You also visited: Gauntlet and Volcano.

You collected 2135 gold pieces.

Inventory:

Missiles
 h - 22 boomerangs
 i - 69 poisoned darts
 p - a throwing net (quivered)
 D - 20 javelins
Armour
 b - a +1 helmet (worn)
 f - a +1 pair of boots (worn)
 k - a +1 cloak (worn)
 B - a +2 plate armour of fire resistance (worn)
Jewellery
 n - a +6 ring of dexterity (left claw)
 t - a ring of resist corrosion (right claw)
 z - an amulet of regeneration (around neck)
Wands
 c - a wand of polymorph (28)
 l - a wand of paralysis (41)
 o - a wand of acid (9)
 y - a wand of iceblast (7)
 A - a wand of enslavement (9)
 E - a wand of flame (27)
 F - a wand of random effects (18)
Scrolls
 a - a scroll of fog
 m - 3 scrolls of blinking
 r - a scroll of summoning
 s - 5 scrolls of remove curse
 u - 4 scrolls of fear
 v - 6 scrolls of teleportation
 w - a scroll of magic mapping
 x - 4 scrolls of identify
 C - a scroll of torment
Potions
 d - a potion of haste
 e - 9 potions of curing
 g - 6 potions of resistance
 j - 3 potions of invisibility
 q - 3 potions of flight


   Skills:
 + Level 9.6 Fighting
 - Level 1.7 Throwing
 + Level 7.8 Armour
 + Level 8.4 Dodging
 * Level 19.5 Unarmed Combat


You had 13 spell levels left.
You didn't know any spells.
Your spell library contained the following spells:

 Spells                   Type           Power        Failure   Level
 Magic Dart               Conj           #...         100%        1
 Shock                    Conj/Air       #...         100%        1
 Summon Small Mammal      Summ           #...         100%        1
 Blink                    Tloc           N/A          100%        2
 Call Imp                 Summ           #.......     100%        2
 Corpse Rot               Necr/Air       N/A          100%        2
 Ensorcelled Hibernation  Hex/Ice        #.....       100%        2
 Slow                     Hex            #.......     100%        2
 Confusing Touch          Hex            #.......     100%        3
 Conjure Flame            Conj/Fire      #.......     100%        3
 Gell's Gravitas          Tloc           #.........   100%        3
 Mephitic Cloud           Conj/Pois/Air  #.......     100%        3
 Petrify                  Tmut/Erth      #.......     100%        4
 Summon Ice Beast         Ice/Summ       #.......     100%        4
 Borgnjor's Vile Clutch   Necr/Erth      #.........   100%        5
 Metabolic Englaciation   Hex/Ice        #.........   100%        5
 Silence                  Hex/Air        #.........   100%        5
 Summon Forest            Summ/Tloc      #.........   100%        5
 Yara's Violent Unravell  Hex/Tmut       #.........   100%        5
 Freezing Cloud           Conj/Ice/Air   #.........   100%        6
 Ozocubu's Refrigeration  Ice            #.........   100%        6
 Shadow Creatures         Summ           N/A          100%        6
 Simulacrum               Ice/Necr       #.........   100%        6
 Ice Form                 Ice/Tmut       Unusable     N/A         4

Dungeon Overview and Level Annotations

Branches:
Dungeon (10/15)            Temple (1/1) D:7            Lair (6/6) D:10
 Shoals (0/4) Lair:4        Snake (0/4) Lair:2        Slime (0/5) Lair:5
Volcano (visited)         Gauntlet (visited)
    Orc: D:9-12

Altars:
Ashenzari
Cheibriados
Dithmenos
Elyvilon
Fedhas
Gozag
Hepliaklqana
Kikubaaqudgha
Makhleb
Nemelex Xobeh
Okawaru
Qazlal
Ru
Sif Muna
Trog
Uskayaw
Vehumet
Wu Jian
Xom
Yredelemnul
Zin
The Shining One

Shops:
D:10 (

Annotations:
Lair:3 2 transporters, Kiuman's ghost, journeyman TeAE
Lair:6 Rupert


Innate Abilities, Weirdness & Mutations

Your body is rotting away.
You thrive by killing the living.
You are immune to poison.
You have sharp fingernails.
Your flesh is cold resistant. (rC+)
You are immune to negative energy. (rN+++)
You do not regenerate when monsters are visible.
You are immune to unholy pain and torment.
You can survive without breathing.


Message History

Rupert is heavily wounded.
Rupert hits you with a +1 vorpal triple sword!
* * * LOW HITPOINT WARNING * * *
x2 You barely miss Rupert.
Rupert is heavily wounded.
You eviscerate Rupert!!!
Rupert is severely wounded.
Rupert hits you with a +1 vorpal triple sword.
* * * LOW HITPOINT WARNING * * *
x2 You claw Rupert!
Rupert is severely wounded.
You scratch Rupert but do no damage. Your claw misses Rupert.
Rupert is severely wounded.
Rupert barely misses you.
You barely miss Rupert.
Rupert is severely wounded.
You scratch Rupert but do no damage.
Rupert is severely wounded.
The komodo dragon bites you!
You die...

#....................##
P........#.#.≈.##...#.#
#.........#.≈#≈≈≈....##
.........####≈≈≈..P.#.#
..........##P..≈.#...##
#....................#
..†...........#....###
.............#...###
.##..........#..@#.##
................@l..#
....................#
..#[...............##
.#......#....#......#
..#...P......#....###
,,.#..........P.....#
,,,.................#
**,,,..P.P........###


You could see Rupert (berserk) and a komodo dragon.

Vanquished Creatures
  2 entropy weavers (Lair:5)
  Nessos (Lair:5)
  A minotaur (Gauntlet)
  A death ooze (Gauntlet)
  Erolcha (D:9)
  6 hydras
  A two-headed ogre (D:10)
  The ghost of vurker the Thrower, a novice MiHu of Fedhas (D:8)
  A queen ant (Lair:5)
  5 death yaks
  A hell knight (Volcano)
  Pikel (D:5)
  An oklob plant (Lair:1)
  An ugly thing (Volcano)
  A black mamba (Lair:2)
  Joseph (D:7)
  2 molten gargoyles (Volcano)
  2 torpor snails
  A smoke demon (Volcano)
  6 cane toads
  2 rime drakes
  7 komodo dragons
  3 red devils (Volcano)
  A tyrant leech (Gauntlet)
  Grinder (D:2)
  13 blink frogs
  5 hippogriffs
  22 yaks
  A vampire (D:9)
  The ghost of vurker the Chopper, an amateur MiDe (D:3)
  3 wraiths (D:8)
  A wyvern (Lair:4)
  2 fire bats (Volcano)
  2 basilisks
  4 swamp worms (Gauntlet)
  3 nagas (Lair:2)
  3 water moccasins
  3 orc warriors
  8 porcupines
  8 soldier ants (Lair:5)
  6 sky beasts
  5 ice beasts
  2 eyes of draining
  2 black bears
  A necrophage (D:8)
  5 wolves (Lair:4)
  6 ogres
  7 centaurs
  8 crocodiles
  A big kobold (D:7)
  15 bullfrogs
  A gnoll sergeant (D:5)
  3 scorpions
  6 wights
  4 howler monkeys
  9 lava snakes (Volcano)
  A quasit (D:5)
  4 bullfrog zombies
  6 hounds
  5 orc priests
  A gnoll shaman (D:5)
  5 jellies
  3 orc wizards
  Jessica (D:3)
  5 iguanas
  13 worker ants
  A hound zombie (D:4)
  2 hound skeletons
  A howler monkey skeleton (D:6)
  2 worker ant zombies
  14 gnolls
  11 adders
  A shadow imp (D:9)
  2 white imps
  An ufetubus (D:9)
  6 oozes
  An adder zombie (D:9)
  4 worms
  A dart slug (D:2)
  5 leopard geckos
  28 orcs
  3 ball pythons
  6 giant cockroaches
  5 hobgoblins
  9 jackals
  7 quokkas
  6 bats
  9 frilled lizards
  11 goblins
  A jackal skeleton (D:7)
  A jackal zombie (D:3)
  15 kobolds
  A leopard gecko zombie (D:8)
  A quokka skeleton (D:4)
  A quokka zombie (D:3)
  8 rats
  A bush (Lair:1)
420 creatures vanquished.

Vanquished Creatures (others)
  4 worker ants (Lair:5)
  3 fungi
  A plant (Lair:5)
  27 withered plants (Gauntlet)
35 creatures vanquished.

Grand Total: 455 creatures vanquished

Notes
Turn   | Place    | Note
-------+----------+-------------------------------------------
     0 | D:1      | HoaS the Ghoul Gladiator began the quest for the Orb.
     0 | D:1      | Reached XP level 1. HP: 17/17 MP: 0/0
   152 | D:1      | Reached XP level 2. HP: 24/24 MP: 1/1
   166 | D:1      | Reached skill level 4 in Unarmed Combat
   182 | D:1      | Found a hide-covered altar of Uskayaw.
   184 | D:1      | Found a shattered altar of Ashenzari.
   184 | D:1      | Found a sacrificial altar of Ru.
   186 | D:1      | Found a shadowy altar of Dithmenos.
   186 | D:1      | Found a shimmering altar of Xom.
   186 | D:1      | Found a blossoming altar of Fedhas.
   316 | D:1      | Reached XP level 3. HP: 29/29 MP: 2/2
  1127 | D:2      | Reached skill level 5 in Unarmed Combat
  1240 | D:2      | Reached XP level 4. HP: 35/36 MP: 3/3
  1539 | D:3      | Noticed Jessica
  1541 | D:3      | Noticed Grinder
  1543 | D:3      | Killed Jessica
  1545 | D:3      | Paralysed by Grinder for 5 turns
  1905 | D:3      | Reached skill level 6 in Unarmed Combat
  1976 | D:3      | Noticed a moth of wrath
  1979 | D:3      | Found a bloodstained altar of Trog.
  1991 | D:3      | Reached XP level 5. HP: 41/41 MP: 4/4
  2008 | D:3      | Found a runed translucent gate.
  2009 | D:3      | Found a runed translucent gate.
  2010 | D:3      | Found a runed translucent gate.
  2012 | D:3      | Noticed vurker's ghost (amateur MiDe)
  2833 | D:4      | Reached skill level 7 in Unarmed Combat
  2879 | D:4      | Reached XP level 6. HP: 48/48 MP: 5/5
  3080 | D:4      | Reached skill level 8 in Unarmed Combat
  3497 | D:2      | Killed Grinder
  3497 | D:2      | Reached skill level 9 in Unarmed Combat
  3497 | D:2      | Reached XP level 7. HP: 55/55 MP: 6/6
  3557 | D:5      | Entered Level 5 of the Dungeon
  3715 | D:5      | Reached skill level 10 in Unarmed Combat
  3749 | D:5      | Reached XP level 8. HP: 50/61 MP: 7/7
  3900 | D:5      | Reached skill level 11 in Unarmed Combat
  4080 | D:5      | Noticed Pikel
  4091 | D:5      | Killed Pikel
  4091 | D:5      | Reached skill level 12 in Unarmed Combat
  4091 | D:5      | Reached XP level 9. HP: 58/67 MP: 8/8
  4394 | D:3      | Killed vurker's ghost
  4394 | D:3      | Reached skill level 13 in Unarmed Combat
  4764 | D:6      | Reached skill level 14 in Unarmed Combat
  5172 | D:7      | Noticed Joseph
  5187 | D:7      | Killed Joseph
  5187 | D:7      | Reached XP level 10. HP: 73/73 MP: 9/9
  5192 | D:7      | Found a staircase to the Ecumenical Temple.
  5202 | Temple   | Entered the Ecumenical Temple
  5400 | Temple   | Became a worshipper of Makhleb the Destroyer
  5460 | D:7      | Reached skill level 15 in Unarmed Combat
  6008 | D:7      | Identified a scroll of acquirement
  6008 | D:7      | Acquired 560 gold pieces
  6586 | D:8      | Found a runed translucent gate.
  6590 | D:8      | Found a runed translucent gate.
  6590 | D:8      | Found a runed translucent gate.
  6908 | D:8      | Noticed vurker's ghost (novice MiHu)
  7241 | D:9      | Reached * piety under Makhleb
  7241 | D:9      | Reached skill level 16 in Unarmed Combat
  7259 | D:9      | Reached skill level 1 in Armour
  7345 | D:9      | Noticed Erolcha
  7357 | D:9      | Killed Erolcha
  7357 | D:9      | Reached XP level 11. HP: 74/82 MP: 10/10
  7613 | D:9      | You fall into a shaft and drop 1 floor!
  7613 | D:10     | Entered Level 10 of the Dungeon
  7836 | D:9      | Reached ** piety under Makhleb
  7843 | D:10     | Noticed a death yak
  7873 | D:10     | Noticed a death yak
  7883 | D:9      | Killed a death yak
  7998 | D:9      | Killed a death yak
  8116 | D:10     | Noticed a death yak
  8139 | D:9      | Killed a death yak
  8139 | D:9      | Reached skill level 5 in Fighting
  8146 | D:10     | Reached skill level 17 in Unarmed Combat
  8150 | D:10     | Found a staircase to the Lair.
  8159 | D:10     | Noticed a two-headed ogre
  8171 | D:10     | Killed a two-headed ogre
  8300 | D:10     | Found Leasmuef's Antique Weapon Boutique.
  8388 | Lair:1   | Entered Level 1 of the Lair of Beasts
  8390 | Lair:1   | Noticed an oklob plant
  8441 | Lair:1   | Reached skill level 5 in Dodging
  8581 | Lair:1   | Reached XP level 12. HP: 89/95 MP: 11/11
  8787 | Lair:1   | Noticed an eight-headed hydra
  8794 | Lair:1   | Killed an eight-headed hydra
  8794 | Lair:1   | Reached *** piety under Makhleb
  9034 | Lair:2   | Found a sacrificial altar of Ru.
  9216 | Lair:2   | Reached skill level 5 in Armour
  9308 | Lair:2   | Found a staircase to the Snake Pit.
  9313 | Lair:2   | Noticed a death yak
  9323 | Lair:2   | Noticed a death yak
  9329 | Lair:2   | Killed a death yak
  9544 | Lair:2   | Killed a death yak
 10304 | Lair:3   | Noticed a six-headed hydra
 10313 | Lair:3   | Killed a six-headed hydra
 10313 | Lair:3   | Reached skill level 18 in Unarmed Combat
 10384 | Lair:3   | Found a transporter.
 10388 | Lair:3   | Noticed Kiuman's ghost (journeyman TeAE)
 10411 | Lair:3   | Found a transporter.
 10564 | Lair:3   | Found a dark tunnel.
 10721 | Volcano  | Entered a volcano
 11273 | Volcano  | Found a radiant altar of Vehumet.
 11296 | Volcano  | HP: 4/100 [smoke demon/ball of steam (22)]
 11572 | Volcano  | Reached XP level 13. HP: 100/107 MP: 12/12
 11907 | D:8      | Killed vurker's ghost
 12305 | Lair:4   | Reached **** piety under Makhleb
 12409 | Lair:4   | Found a staircase to the Shoals.
 13045 | Lair:5   | Found a staircase to the Slime Pits.
 13084 | Lair:5   | Noticed Nessos
 13095 | Lair:5   | Killed Nessos
 13200 | Lair:5   | Noticed an entropy weaver
 13200 | Lair:5   | Noticed an entropy weaver
 13440 | Lair:5   | Killed an entropy weaver
 13545 | Lair:5   | Killed an entropy weaver
 13545 | Lair:5   | Reached skill level 19 in Unarmed Combat
 13794 | Lair:6   | Entered Level 6 of the Lair of Beasts
 13807 | Lair:6   | Reached ***** piety under Makhleb
 13877 | Lair:6   | Found a gate leading to a gauntlet.
 13891 | Gauntlet | Entered a Gauntlet
 13891 | Gauntlet | Found a transporter.
 13891 | Gauntlet | Found a transporter.
 13895 | Gauntlet | Found a transporter.
 13895 | Gauntlet | Found a transporter.
 13906 | Gauntlet | Found a transporter.
 13913 | Gauntlet | Found a transporter.
 13923 | Gauntlet | Found a transporter.
 13923 | Gauntlet | Found a transporter.
 13927 | Gauntlet | Found a transporter.
 13954 | Gauntlet | Found a transporter.
 13955 | Gauntlet | Noticed a death ooze
 13963 | Gauntlet | Found a transporter.
 13983 | Gauntlet | Found a transporter.
 14029 | Gauntlet | Found a transporter.
 14047 | Gauntlet | Found a transporter.
 14145 | Gauntlet | Found a transporter.
 14159 | Gauntlet | Found a transporter.
 14348 | Gauntlet | Killed a death ooze
 14400 | Gauntlet | Reached XP level 14. HP: 100/118 MP: 13/13
 14420 | Gauntlet | Got a smoking lapis lazuli ring
 14432 | Gauntlet | Identified the ring of Rationality {rF- rN+ Str+2 Dex+5}
                  | (You found it in a Gauntlet)
 14487 | Gauntlet | Identified the Almanac of Flying Creation
 14744 | Lair:6   | Found an ornate altar of the Wu Jian Council.
 14747 | Lair:6   | Noticed Rupert
 14765 | Lair:6   | HP: 5/119 [Rupert/+1 vorpal triple sword (4)]
 14769 | Lair:6   | Mangled by a komodo dragon

Illustrated notes

Levels and vault maps discovered:
D:1:      shiori_arrival_maze, layout_basic, doesnt_xom_only_xom
D:2:      layout_loops_corners
D:3:      layout_basic, tgw_trog, gammafunk_ghost_necromancy, uniq_grinder,
          uniq_jessica
D:4:      layout_loops_ring, minmay_small_thing
D:5:      layout_basic, lightli_minifort, uniq_pikel
D:6:      layout_loops_ring, st_stairs_5
D:7:      layout_basic, minmay_temple_entry_grid, uniq_joseph
D:8:      layout_loops_ring, gammafunk_ghost_spectres, serial_rivers,
          chequers_serial_rivers_large_a, chequers_serial_rivers_micro_c,
          chequers_serial_rivers_small_a, chequers_serial_rivers_room_b,
          chequers_serial_rivers_small_b, chequers_serial_rivers_micro_a
D:9:      layout_basic, uniq_erolcha
D:10:     layout_cross, dpeg_lair_monsters, serial_shops, nicolae_shop_trees,
          grunt_decor_cap
Temple:   kilobyte_greek_temple
Lair:1:   layout_cave_shapes, minmay_lair_oklob_bushes, serial_bayou_lagoon_a
Lair:2:   layout_chaotic_city, guppyfry_snake_entry_garden, basic_altar,
          st_stairs_10
Lair:3:   layout_roguey, gammafunk_ghost_arena, nicolae_volcano_entry_s_turn
Lair:4:   layout_regular_city, minmay_shoals_entry_centaurs,
          serial_bayou_shore_b, infiniplex_staircase_pool_2, lemuel_fruit_fields
Lair:5:   layout_big_grid, nicolae_slime_entry_slimehenge,
          minmay_another_anthill, uniq_nessos
Lair:6:   minmay_lair_end_enchanted_forest, layout_gridlike,
          gauntlet_entry_generic, basic_altar, lemuel_fruit_tree, uniq_rupert

Skill      XL: |  1  2  3  4  5  6  7  8  9 10 11 12 13 |
---------------+----------------------------------------+-----
Unarmed Combat | 4 5 6 7 9 10 12 14 16 17 18 19 | 19.5
Armour         | 2 4 6 7 |  7.8
Dodging        | 3 5 6 8 |  8.4
Fighting       | 3 5 7 9 |  9.6
Throwing       | |  1.7

Action                   |  1- 3 |  4- 6 |  7- 9 | 10-12 | 13-15 || total
-------------------------+-------+-------+-------+-------+-------++-------
Melee: Unarmed           |   112 |   173 |   279 |   589 |   395 ||  1548
       Punch             |     2 |     4 |     9 |    36 |    41 ||    92
Throw: Throwing net      |       |     4 |     1 |     7 |       ||    12
       Boomerang         |       |     5 |       |       |       ||     5
Evoke: Wand              |       |       |       |       |     5 ||     5
  Use: Scroll            |     6 |     4 |    11 |    11 |     8 ||    40
       Potion            |       |       |     1 |     5 |     5 ||    11
 Stab: Held in net/web   |       |     2 |     2 |     5 |       ||     9
Armor: Leather armour    |     3 |       |       |       |       ||     3
       Scale mail        |    39 |    63 |     7 |       |       ||   109
       Chain mail        |       |       |   117 |   158 |       ||   275
       Plate armour      |       |       |       |   152 |   212 ||   364
Dodge: Dodged            |    51 |    80 |    82 |   208 |   178 ||   599

Table legend: (Time is in decaauts)
 A = Elapsed time spent in this place.
 B = Non-inter-level travel time spent in this place.
 C = Inter-level travel time spent in this place.
 D = Time resting spent in this place.
 E = Time spent auto-exploring this place.
 F = Levels seen in this place.
 G = Mean time per level.
                   A        B        C        D        E       F      G
               +--------+--------+--------+--------+--------+-----+--------+
         Total |  14393 |  13247 |   1146 |    911 |   9188 |  19 |  757.5 |
       Dungeon |   8283 |   7521 |    762 |    254 |   5538 |  10 |  828.3 |
        Temple |    234 |    165 |     69 |      0 |    162 |   1 |  234.0 |
          Lair |   4291 |   3977 |    314 |    318 |   2772 |   6 |  715.2 |
       Volcano |    998 |    998 |      0 |    338 |    359 |   1 |  998.0 |
      Gauntlet |    586 |    586 |      0 |      0 |    356 |   1 |  586.0 |
               +--------+--------+--------+--------+--------+-----+--------+

Top non-repeatable levels by time:
     D:3: 1257 daAuts
     D:7: 1044 daAuts
     D:2: 1012 daAuts
 Volcano: 998 daAuts
     D:8: 925 daAuts
  Lair:5: 903 daAuts
  Lair:1: 872 daAuts
  Lair:2: 801 daAuts
     D:5: 765 daAuts
     D:9: 762 daAuts
     D:4: 709 daAuts
  Lair:3: 694 daAuts
     D:1: 685 daAuts
  Lair:4: 676 daAuts
     D:6: 604 daAuts
